 Dungeon Crawl Stone Soup version 0.22.1-1-ga44c0e56f4 (webtiles) character file.

142 ahpook the Chiller (level 4, -13/33 HPs)
             Began as a Demigod Ice Elementalist on Nov 12, 2018.
             Killed by divine providence
             ... invoked by an orc priest
              (16 damage)
             ... on level 3 of the Dungeon.
             The game lasted 00:18:51 (7006 turns).

ahpook the Chiller (Demigod Ice Elementalist)       Turns: 7006, Time: 00:18:52

Health: -13/33     AC:  5    Str: 11    XL:     4   Next: 74%
Magic:  2/9        EV: 13    Int: 21    God:
Gold:   87         SH:  0    Dex: 16    Spells: 0/6 levels left

rFire    . . .     SeeInvis .   m - +0 spear
rCold    . . .     Gourm    .   (no shield)
rNeg     . . .     Faith    .   j - +1 leather armour {rPois}
rPois    +         Spirit   .   (no helmet)
rElec    .         Reflect  .   (no cloak)
rCorr    .         Harm     .   (no gloves)
MR       .....                  l - +0 pair of boots (curse)
Stlth    ++........             (no amulet)
HPRegen  0.11/turn              (no ring)
MPRegen  0.11/turn              (no ring)

@: no status effects
A: high mp 1
a: no special abilities


You were on level 3 of the Dungeon.
You were not hungry.

You visited 1 branch of the dungeon, and saw 3 of its levels.

You collected 87 gold pieces.

Inventory:

Hand Weapons
 d - a +0 club
 e - a +0 dagger
 m - a +0 spear (weapon)
Missiles
 n - 20 poisoned needles
Armour
 a - a +0 robe
 j - a +1 leather armour of poison resistance (worn)
 l - a cursed +0 pair of boots (worn)
Jewellery
 p - a +3 ring of strength {unknown}
Scrolls
 f - 2 scrolls of amnesia {unknown}
 g - 3 scrolls of identify {unknown}
 k - a scroll of teleportation {unknown}
 q - a scroll of magic mapping {unknown}
Potions
 b - a potion of curing
 h - a potion of brilliance {unknown}
 i - a potion of agility {unknown}
Comestibles
 c - 6 rations
 o - 3 chunks of flesh


   Skills:
 - Level 1.5 Armour
 + Level 2.7 Dodging
 - Level 1.8 Stealth
 - Level 1.9 Spellcasting
 - Level 0.8 Conjurations
 * Level 4.2 Ice Magic


You couldn't memorise any spells.
You knew the following spells:

 Your Spells              Type           Power        Failure   Level  Hunger
a - Freeze                Ice            ###.         3%          1    #......
b - Throw Frost           Conj/Ice       ##....       11%         2    ##.....
c - Ozocubu's Armour      Chrm/Ice       ##......     24%         3    ###....

Your spell library contained the following spells:

 Spells                   Type           Power        Failure   Level  Hunger
 Throw Icicle             Conj/Ice       ##......     56%         4    #####..
 Summon Ice Beast         Ice/Summ       ##......     63%         4    #####..


Dungeon Overview and Level Annotations

Branches:
Dungeon (3/15)


Innate Abilities, Weirdness & Mutations

You have an increased reservoir of magic. (+10% MP)


Message History

* * * LOW HITPOINT WARNING * * *
The bat barely misses you. The bat hits you but does no damage.
The bat closely misses you.
You see here a hand axe.
The bat hits you but does no damage. The bat hits you but does no damage.
The bat closely misses you. x2
There is an escape hatch in the floor here.
Enter note: It was a potion of curing.
You feel better. The bat closely misses you.
The orc priest calls down the wrath of Beogh upon you.
Beogh smites you!
* * * LOW HITPOINT WARNING * * *
The bat misses you.
You barely miss the bat. The bat closely misses you.
You closely miss the bat. The bat hits you but does no damage. x2
The orc priest invokes the aid of Beogh against you.
Beogh smites you!
You die...

#.....##......
##.[.###.....#
####...###.#####
............#
#####....##.#
#########.##.#
#.........##.#
#.##########.#
#@# #.# #b# #.#
#o# .# #)#
#####.####
#.....)>.#
#.###.##.# #.# #
#.#


You could see an orc priest and a bat.

Vanquished Creatures
  Jessica (D:2)
  6 adders (D:2)
  A worm (D:3)
  A leopard gecko (D:2)
  2 orcs (D:3)
  7 bats
  3 giant cockroaches
  6 goblins
  4 hobgoblins
  7 jackals (D:2)
  10 kobolds
  4 frilled lizards
  6 rats
58 creatures vanquished.

Notes
Turn   | Place    | Note
-------+----------+-------------------------------------------
     0 | D:1      | ahpook the Demigod Ice Elementalist began the quest for the
                  | Orb.
     0 | D:1      | Reached XP level 1. HP: 14/14 MP: 5/5
   199 | D:1      | Reached skill level 3 in Ice Magic
   565 | D:1      | Reached XP level 2. HP: 20/20 MP: 7/7
  2331 | D:1      | Learned a level 2 spell: Throw Frost
  3024 | D:2      | Noticed Jessica
  3028 | D:2      | Reached XP level 3. HP: 19/26 MP: 4/8
  3121 | D:2      | Killed Jessica
  3121 | D:2      | Reached skill level 1 in Armour
  3203 | D:2      | Found a white marble altar of Elyvilon.
  4030 | D:2      | Reached XP level 4. HP: 33/33 MP: 6/9
  5313 | D:2      | Reached skill level 4 in Ice Magic
  5511 | D:2      | Learned a level 3 spell: Ozocubu's Armour
  5766 | D:2      | Found a glowing silver altar of Zin.
  7006 | D:3      | Killed from afar by an orc priest

Skill      XL: |  1  2  3  4 |
---------------+-------------+-----
Ice Magic      | 3 4 |  4.2
Dodging        | 2 |  2.7
Armour         | 1 |  1.5
Stealth        | |  1.8
Spellcasting   | |  1.9
Conjurations   | |  0.8

Action                   |  1- 3 |  4- 6 || total
-------------------------+-------+-------++-------
Melee: Dagger            |     8 |       ||     8
       Club              |     2 |       ||     2
       Unarmed           |     1 |       ||     1
       Spear             |     4 |    13 ||    17
 Cast: Freeze            |    42 |    34 ||    76
       Throw Frost       |     7 |     6 ||    13
  Use: Potion            |       |     1 ||     1
 Stab: Sleeping          |     4 |     3 ||     7
  Eat: Chunk             |     7 |     6 ||    13
       Ration            |     1 |     1 ||     2
Armor: Robe              |     1 |       ||     1
       Leather armour    |    14 |    20 ||    34
Dodge: Dodged            |    30 |    47 ||    77
